BSA
SEATTLE PIKES @ FRESNO DEPLORABLES
02/28/2028
 
TOP OF THE 1ST
Seattle Pikes batting - Pitching for Fresno Deplorables : RHP Dionisio Penni
Pitching: RHP Dionisio Penni
Batting: RHB Wallace Greene 0-0: Swinging Strike
0-1: Ball
1-1: Ball
2-1: Foul Ball, location: 2F
2-2: Strikes out swinging
Batting: RHB Arnold Harmon 0-0: Called Strike
0-1: Swinging Strike
0-2: Foul Ball, location: 2F
0-2: Ball
1-2: Strikes out swinging
Batting: RHB Pete Rideout 0-0: Called Strike
0-1: Called Strike
0-2: Foul Ball, location: 2F
0-2: Strikes out looking
Top of the 1st over - 0 run(s), 0 hit(s), 0 error(s), 0 left on base; Seattle 0 - Fresno 0
BOTTOM OF THE 1ST
Fresno Deplorables batting - Pitching for Seattle Pikes : LHP Albert Lebel
Pitching: LHP Albert Lebel
Batting: RHB Dani Vázquez 0-0: Ball
1-0: Ball
2-0: Swinging Strike
2-1: Ball
3-1: Base on Balls
Batting: RHB Manolo Román 0-0: Ball
1-0: Swinging Strike
1-1: Ball
2-1: Fly out, F8 (Flyball, 8LXD)
Batting: LHB Jeff Daniels 0-0: Ball
1-0: Foul Ball, location: 2F
1-1: Foul Ball, location: 2F
1-2: Ball
2-2: Strikes out looking
Batting: LHB Troy Donaldson 0-0: Ball
1-0: Called Strike
1-1: Ball
2-1: Called Strike
2-2: Ball
3-2: Base on Balls
Dani Vázquez to second
Batting: RHB Paco Arellano 0-0: Foul Ball, location: 2F
0-1: Foul Ball, location: 2F
0-2: Ball
1-2: Strikes out swinging
Bottom of the 1st over - 0 run(s), 0 hit(s), 0 error(s), 2 left on base; Seattle 0 - Fresno 0
TOP OF THE 2ND
Seattle Pikes batting - Pitching for Fresno Deplorables : RHP Dionisio Penni
Batting: RHB Iván Gonzáles 0-0: Called Strike
0-1: DOUBLE (Line Drive, 8RXD)
Batting: RHB Bill Mark 0-0: Ball
1-0: Swinging Strike
1-1: SINGLE (Groundball, 6MD)
Iván Gonzáles to third
Batting: RHB Manuel Rico 0-0: Called Strike
0-1: Ball
1-1: Called Strike
1-2: Ball
2-2: Ball
3-2: Strikes out looking
Batting: LHB Roberto Lozano 0-0: Called Strike
0-1: Foul Ball, location: 2F
0-2: Fielders Choice at 2nd, 6-4 (Groundball, 6M)
Iván Gonzáles scores
Batting: RHB Randy Sheppard 0-0: Ball
Roberto Lozano is caught stealing 2nd base
Top of the 2nd over - 1 run(s), 2 hit(s), 0 error(s), 0 left on base; Seattle 1 - Fresno 0
BOTTOM OF THE 2ND
Fresno Deplorables batting - Pitching for Seattle Pikes : LHP Albert Lebel
Batting: LHB Paul Mullins 0-0: Fly out, F7 (Flyball, 7LS)
Batting: RHB Aaron Scott 0-0: Foul Ball, location: 2F
0-1: Ball
1-1: Ball
2-1: Foul Ball, location: 2F
2-2: Ball
3-2: Strikes out swinging
Batting: LHB Keith Beard 0-0: Ball
1-0: Ground out 4-3 (Groundball, 4M)
Bottom of the 2nd over - 0 run(s), 0 hit(s), 0 error(s), 0 left on base; Seattle 1 - Fresno 0
TOP OF THE 3RD
Seattle Pikes batting - Pitching for Fresno Deplorables : RHP Dionisio Penni
Batting: RHB Randy Sheppard 0-0: Called Strike
0-1: Ground out 1-3 (Groundball, 15S)
Batting: LHB Richard Hunter 0-0: Foul Ball, location: 2F
0-1: Swinging Strike
0-2: Ball
1-2: Ball
2-2: Foul Ball, location: 2F
2-2: Ball
3-2: Foul Ball, location: 2F
3-2: Foul Ball, location: 2F
3-2: Base on Balls
Batting: RHB Wallace Greene 0-0: Fly out, F8 (Flyball, 8RM)
Batting: RHB Arnold Harmon 0-0: Ball
1-0: Ball
2-0: Foul Ball, location: 2F
2-1: Fly out, F5 (Popup, 5L)
Top of the 3rd over - 0 run(s), 0 hit(s), 0 error(s), 1 left on base; Seattle 1 - Fresno 0
BOTTOM OF THE 3RD
Fresno Deplorables batting - Pitching for Seattle Pikes : LHP Albert Lebel
Batting: RHB R.J. Parker 0-0: Ball
1-0: Called Strike
1-1: Ball
2-1: Called Strike
2-2: DOUBLE (Line Drive, 9LS) - OUT at third base trying to stretch hit.
Batting: RHB Dani Vázquez 0-0: Called Strike
0-1: Ground out 4-3 (Groundball, 34)
Batting: RHB Manolo Román 0-0: Ball
1-0: Ball
2-0: Called Strike
2-1: Foul Ball, location: 2F
2-2: SINGLE (Groundball, 56D)
Batting: LHB Jeff Daniels 0-0: Ball
1-0: Foul Ball, location: 2F
1-1: Ball
2-1: Ball
Manolo Román is caught stealing 2nd base
Bottom of the 3rd over - 0 run(s), 2 hit(s), 0 error(s), 0 left on base; Seattle 1 - Fresno 0
TOP OF THE 4TH
Seattle Pikes batting - Pitching for Fresno Deplorables : RHP Dionisio Penni
Batting: RHB Pete Rideout 0-0: Foul Ball, location: 2F
0-1: Ball
1-1: Ball
2-1: Foul Ball, location: 2F
2-2: Ball
3-2: Base on Balls
Batting: RHB Iván Gonzáles 0-0: Called Strike
0-1: Called Strike
0-2: Strikes out swinging
Batting: RHB Bill Mark 0-0: Foul Ball, location: 2F
0-1: Ball
1-1: Foul Ball, location: 2F
1-2: Ball
2-2: SINGLE (Groundball, 6MD)
Pete Rideout to second
Runner from 2nd tries for 3rd, SAFE, throw made to third
Batting: RHB Manuel Rico 0-0: Called Strike
0-1: Called Strike
0-2: Ball
1-2: Ball
2-2: Strikes out looking
Batting: LHB Roberto Lozano 0-0: Fly out, F2 (Popup, 13)
Top of the 4th over - 0 run(s), 1 hit(s), 0 error(s), 2 left on base; Seattle 1 - Fresno 0
BOTTOM OF THE 4TH
Fresno Deplorables batting - Pitching for Seattle Pikes : LHP Albert Lebel
Batting: LHB Jeff Daniels 0-0: Fly out, F9 (Flyball, 9S)
Batting: LHB Troy Donaldson 0-0: Foul Ball, location: 2F
0-1: Ball
1-1: Called Strike
1-2: Strikes out swinging
Batting: RHB Paco Arellano 0-0: Ball
1-0: Foul Ball, location: 2F
1-1: Ball
2-1: Called Strike
2-2: Ball
3-2: Strikes out swinging
Bottom of the 4th over - 0 run(s), 0 hit(s), 0 error(s), 0 left on base; Seattle 1 - Fresno 0
TOP OF THE 5TH
Seattle Pikes batting - Pitching for Fresno Deplorables : RHP Dionisio Penni
Pitching: RHP César Menéndez
Batting: RHB Randy Sheppard 0-0: Fly out, F2 (Popup, 25)
Batting: LHB Richard Hunter 0-0: Fly out, F7 (Flyball, 7S)
Batting: RHB Wallace Greene 0-0: Called Strike
0-1: Foul Ball, location: 2F
0-2: Strikes out swinging
Top of the 5th over - 0 run(s), 0 hit(s), 0 error(s), 0 left on base; Seattle 1 - Fresno 0
BOTTOM OF THE 5TH
Fresno Deplorables batting - Pitching for Seattle Pikes : LHP Albert Lebel
Pitching: RHP Ernesto Beltrán
Batting: LHB Paul Mullins 0-0: Fly out, F5 (Popup, 5L)
Batting: RHB Aaron Scott 0-0: Ball
1-0: Ball
2-0: Foul Ball, location: 2F
2-1: Foul Ball, location: 2F
2-2: Foul Ball, location: 2F
2-2: Foul Ball, location: 2F
2-2: Ball
3-2: Base on Balls
Batting: LHB Keith Beard 0-0: Ball
1-0: Called Strike
1-1: SINGLE (Groundball, 4MD)
Aaron Scott to second
Runner from 2nd tries for 3rd, SAFE, throw made to third
Keith Beard to second
Batting: RHB R.J. Parker 0-0: Foul Ball, location: 2F
0-1: Ball
1-1: Called Strike
1-2: Ball
2-2: Ball
3-2: Foul Ball, location: 2F
3-2: DOUBLE (Line Drive, 7LD)
Aaron Scott scores
Keith Beard scores
Batting: RHB Dani Vázquez 0-0: Ball
1-0: Ball
2-0: Ball
3-0: Base on Balls
Batting: RHB Manolo Román 0-0: DOUBLE (Flyball, 89XD)
R.J. Parker scores
Dani Vázquez to third
Runner from 3rd tries for Home, SAFE, no throw
Pitching: RHP Francisco Carrasco
Batting: LHB Jeff Daniels 0-0: Called Strike
0-1: DOUBLE (Line Drive, 9D)
Manolo Román scores
Batting: LHB Troy Donaldson 0-0: Ball
1-0: Ball
2-0: SINGLE (Groundball, 34S) (infield hit)
Jeff Daniels to third
Batting: RHB Paco Arellano 0-0: Swinging Strike
0-1: Ball
1-1: Ball
2-1: Grounds into double play, 3-6-3 (Groundball, 34)
Bottom of the 5th over - 5 run(s), 5 hit(s), 0 error(s), 1 left on base; Seattle 1 - Fresno 5
TOP OF THE 6TH
Seattle Pikes batting - Pitching for Fresno Deplorables : RHP César Menéndez
Batting: RHB Arnold Harmon 0-0: Swinging Strike
0-1: Ball
1-1: Swinging Strike
1-2: Strikes out swinging
Batting: RHB Pete Rideout 0-0: Ground out 5-3 (Groundball, 25)
Batting: RHB Iván Gonzáles 0-0: Ball
1-0: Swinging Strike
1-1: Ball
2-1: Foul Ball, location: 2F
2-2: Fly out, F7 (Flyball, 7)
Top of the 6th over - 0 run(s), 0 hit(s), 0 error(s), 0 left on base; Seattle 1 - Fresno 5
BOTTOM OF THE 6TH
Fresno Deplorables batting - Pitching for Seattle Pikes : RHP Francisco Carrasco
Batting: LHB Paul Mullins 0-0: Ball
1-0: Called Strike
1-1: Swinging Strike
1-2: Strikes out swinging
Batting: RHB Aaron Scott 0-0: Ground out 4-3 (Groundball, 4)
Batting: LHB Keith Beard 0-0: Called Strike
0-1: Ball
1-1: Ball
2-1: Foul Ball, location: 2F
2-2: Ground out 6-3 (Groundball, 6)
Bottom of the 6th over - 0 run(s), 0 hit(s), 0 error(s), 0 left on base; Seattle 1 - Fresno 5
TOP OF THE 7TH
Seattle Pikes batting - Pitching for Fresno Deplorables : RHP César Menéndez
Batting: RHB Bill Mark 0-0: Called Strike
0-1: Ball
1-1: Ball
2-1: Ball
3-1: SINGLE (Line Drive, 8RS)
Batting: RHB Manuel Rico 0-0: Fly out, F4 (Flyball, 4MD)
Batting: LHB Roberto Lozano 0-0: Ball
1-0: Foul Ball, location: 2F
1-1: Ball
2-1: Ball
3-1: Called Strike
3-2: SINGLE (Line Drive, 9LS)
Bill Mark to second
Batting: RHB Randy Sheppard 0-0: Ball
1-0: Ball
2-0: Ball
3-0: Called Strike
3-1: Base on Balls
Bill Mark to third
Roberto Lozano to second
Pitching: LHP Allan Bader
Batting: LHB Richard Hunter 0-0: Ball
1-0: Ball
2-0: Foul Ball, location: 2F
2-1: Called Strike
2-2: Foul Ball, location: 2F
2-2: Foul Ball, location: 2F
2-2: Foul Ball, location: 2F
2-2: Fly out, F8 (Line Drive, 8LS)
Runner from 3rd tags up, SCORES, no throw
Pitching: LHP Jerry Beck
Batting: RHB Wallace Greene 0-0: Called Strike
0-1: Ball
1-1: Called Strike
1-2: Fielders Choice at 2nd, 4-6 (Groundball, 4)
Top of the 7th over - 1 run(s), 2 hit(s), 0 error(s), 1 left on base; Seattle 2 - Fresno 5
BOTTOM OF THE 7TH
Fresno Deplorables batting - Pitching for Seattle Pikes : RHP Francisco Carrasco
Batting: RHB R.J. Parker 0-0: Called Strike
0-1: Foul Ball, location: 2F
0-2: Ground out 5-3 (Groundball, 56S)
Pinch Hitting: RHB Peter Hensley 0-0: Foul Ball, location: 2F
0-1: Swinging Strike
0-2: Strikes out swinging
Pinch Hitting: LHB Nick Scott 0-0: Ball
1-0: Ball
2-0: Ball
3-0: Base on Balls
Batting: RHB Alberto Campos 0-0: Ball
1-0: Swinging Strike
1-1: Ball
2-1: Ball
3-1: Fly out, F8 (Flyball, 8RS)
Bottom of the 7th over - 0 run(s), 0 hit(s), 0 error(s), 1 left on base; Seattle 2 - Fresno 5
TOP OF THE 8TH
Seattle Pikes batting - Pitching for Fresno Deplorables : LHP Jerry Beck
Now at 3B: Alonso Contreras
Now at SS: Jesús Gutiérrez
Pinch Hitting: RHB Robinson Pacheco 0-0: Ball
1-0: Ball
2-0: Fly out, F7 (Line Drive, 7D)
Pinch Hitting: RHB Murai Ishihara 0-0: SINGLE (Line Drive, 8RS)
Pinch Hitting: RHB Roberto Zamora 0-0: Ball
1-0: Foul Ball, location: 2F
1-1: Ball
2-1: Ball
3-1: Called Strike
3-2: Foul Ball, location: 2F
3-2: Fly out, F9 (Flyball, 9S)
Pinch Hitting: SHB António Hernández 0-0: Ball
1-0: Swinging Strike
1-1: Ball
2-1: Ball
3-1: Foul Ball, location: 2F
3-2: Base on Balls
Murai Ishihara to second
Pinch Hitting: RHB Hamilton Holbrook 0-0: Called Strike
0-1: Ball
1-1: Swinging Strike
1-2: Fly out, F7 (Flyball, 7S)
Top of the 8th over - 0 run(s), 1 hit(s), 0 error(s), 2 left on base; Seattle 2 - Fresno 5
BOTTOM OF THE 8TH
Fresno Deplorables batting - Pitching for Seattle Pikes : RHP Francisco Carrasco
Now at 1B: António Hernández
Now at 2B: Roberto Zamora
Now at 3B: Robinson Pacheco
Now at SS: Gary Kern
Now in RF: Hamilton Holbrook
Pinch Hitting: LHB Jeff Doss 0-0: Ball
1-0: Ground out 1-3 (Groundball, P)
Pitching: RHP Gil Dickson
Pinch Hitting: RHB Pablo Castillo 0-0: Called Strike
0-1: SINGLE (Groundball, 6MD)
Batting: LHB Paul Mullins 0-0: Ball
1-0: Ball
2-0: Foul Ball, location: 2F
2-1: Foul Ball, location: 2F
2-2: Fly out, F7 (Flyball, 7D)
Pinch Hitting: LHB Chance Santry 0-0: Called Strike
0-1: Foul Ball, location: 2F
0-2: Ball
1-2: Strikes out swinging, 2-3 out at first.
Bottom of the 8th over - 0 run(s), 1 hit(s), 0 error(s), 1 left on base; Seattle 2 - Fresno 5
TOP OF THE 9TH
Seattle Pikes batting - Pitching for Fresno Deplorables : LHP Jerry Beck
Pitching: LHP Valentín Reséndez
Now at 2B: Jeff Doss
Now in LF: Vincente López
Now in RF: Chance Santry
Pinch Hitting: RHB Robert Johnson 0-0: Ground out 6-3 (Groundball, 56)
Pinch Hitting: RHB Dennis Stephenson 0-0: Fly out, F4 (Popup, 34D)
Batting: RHB Henning Huisman 0-0: Swinging Strike
0-1: Ball
1-1: Swinging Strike
1-2: Strikes out swinging
Top of the 9th over - 0 run(s), 0 hit(s), 0 error(s), 0 left on base; Seattle 2 - Fresno 5
Tuesday, August 8th, 2017 - OOTP Baseball 17.12 Build 75